% Time on Ice - WINNIPEG BEAVERS
Lines # - Real PCT - Wanted PCT - Time Play
Normal Forward
1 - 34% - 36% - 16:16
2 - 30% - 34% - 14:02
3 - 25% - 24% - 12:07
4 - 11% - 6% - 5:09
Normal Defense
1 - 33% - 34% - 15:44
2 - 33% - 33% - 15:50
3 - 32% - 29% - 15:11
4 - 2% - 4% - 0:49
PP Forward
1 - 50% - 50% - 4:14
2 - 50% - 50% - 4:14
PP Defense
1 - 54% - 52% - 4:36
2 - 46% - 48% - 3:52
PK Forward
1 - 55% - 51% - 2:12
2 - 45% - 49% - 1:46
PK Defense
1 - 54% - 53% - 2:09
2 - 46% - 47% - 1:49
PK3 Forward
1 - 0% - 55%
2 - 0% - 45%
PK3 Defense
1 - 0% - 55%
2 - 0% - 45%
44 Forward
1 - 0% - 52%
2 - 0% - 48%
44 Defense
1 - 0% - 52%
2 - 0% - 48%
Last Minute Offensive  - 0:00
Last Minute Defensive  - 0:00
Total
Forward - 60:00
Defense - 60:00
% Time on Ice - CALGARY FIREMEN
Lines # - Real PCT - Wanted PCT - Time Play
Normal Forward
1 - 30% - 34% - 14:26
2 - 28% - 31% - 13:15
3 - 27% - 25% - 12:44
4 - 15% - 10% - 7:09
Normal Defense
1 - 31% - 34% - 14:53
2 - 30% - 31% - 14:25
3 - 35% - 25% - 16:31
4 - 4% - 10% - 1:45
PP Forward
1 - 47% - 55% - 1:53
2 - 53% - 45% - 2:05
PP Defense
1 - 38% - 55% - 1:30
2 - 62% - 45% - 2:28
PK Forward
1 - 70% - 55% - 5:56
2 - 30% - 45% - 2:32
PK Defense
1 - 57% - 55% - 4:50
2 - 43% - 45% - 3:38
PK3 Forward
1 - 0% - 55%
2 - 0% - 45%
PK3 Defense
1 - 0% - 55%
2 - 0% - 45%
44 Forward
1 - 0% - 55%
2 - 0% - 45%
44 Defense
1 - 0% - 55%
2 - 0% - 45%
Last Minute Offensive  - 0:00
Last Minute Defensive  - 0:00
Total
Forward - 60:00
Defense - 60:00
Play-by-Play 1st period 0:01 of 1st period - Sam Bennett wins face-off versus Filip Forsberg in neutral zone. 0:11 of 1st period - Victor Hedman is hit by Jake McCabe and loses puck. 0:18 of 1st period - Shot by Ondrej Palat. 0:18 of 1st period - Stopped by Samuel Ersson with a rebound. 0:20 of 1st period - Shot by Alexander DeBrincat. 0:20 of 1st period - Stopped by Samuel Ersson without a rebound. 0:21 of 1st period - Ryan Johansen wins face-off versus Brayden Schenn in CALGARY FIREMEN zone. 1:40 of 1st period - Yakov Trenin is hit by Sean Kuraly. 1:50 of 1st period - Shot by Yakov Trenin. 1:50 of 1st period - Stopped by Ville Husso without a rebound. 1:51 of 1st period - Sam Bennett wins face-off versus Filip Forsberg in WINNIPEG BEAVERS zone. 2:51 of 1st period - Icing by Adam Larsson. 2:52 of 1st period - Yakov Trenin wins face-off versus Derick Brassard in WINNIPEG BEAVERS zone. 3:23 of 1st period - Icing by Adam Larsson. 3:24 of 1st period - Derick Brassard wins face-off versus Brett Howden in WINNIPEG BEAVERS zone. 3:34 of 1st period - Icing by John Carlson. 3:35 of 1st period - Ryan Johansen wins face-off versus Derick Brassard in WINNIPEG BEAVERS zone. 5:02 of 1st period - Shot by Brandon Saad. 5:02 of 1st period - Stopped by Samuel Ersson without a rebound. 5:03 of 1st period - Sam Bennett wins face-off versus Filip Forsberg in CALGARY FIREMEN zone. 5:15 of 1st period - Alexander DeBrincat is hit by Andrej Sustr and loses puck. 5:26 of 1st period - Filip Forsberg is hit by Luke Schenn and loses puck. 5:28 of 1st period - Minor Penalty to Luke Schenn for Roughing. 5:29 of 1st period - Sean Kuraly wins face-off versus Ryan Johansen in WINNIPEG BEAVERS zone. 6:35 of 1st period - Shot by Sean Kuraly. 6:35 of 1st period - Goal by Sean Kuraly - WINNIPEG BEAVERS : 1 - CALGARY FIREMEN : 0. 6:36 of 1st period - Sam Bennett wins face-off versus Filip Forsberg in neutral zone. 6:44 of 1st period - Off-side. 6:45 of 1st period - Sam Bennett wins face-off versus Filip Forsberg in neutral zone. 6:52 of 1st period - Shot by Sam Bennett. 6:52 of 1st period - Shot Blocked by Jamie Oleksiak. 6:54 of 1st period - Shot by Adam Larsson. 6:54 of 1st period - Stopped by Samuel Ersson without a rebound. 6:55 of 1st period - Ryan Johansen wins face-off versus Sean Kuraly in CALGARY FIREMEN zone. 6:59 of 1st period - Icing by Mason Marchment. 7:00 of 1st period - Ryan Johansen wins face-off versus Sam Bennett in CALGARY FIREMEN zone. 7:50 of 1st period - Shot by Alexander DeBrincat. 7:50 of 1st period - Stopped by Samuel Ersson with a rebound. 8:07 of 1st period - Minor Penalty to Sam Bennett for Roughing. 8:08 of 1st period - Sean Kuraly wins face-off versus Filip Forsberg in WINNIPEG BEAVERS zone. 8:27 of 1st period - Shot by Filip Forsberg. 8:27 of 1st period - Shot Blocked by Victor Hedman. 8:29 of 1st period - Shot by Jakob Silfverberg. 8:29 of 1st period - Stopped by Ville Husso without a rebound. 8:30 of 1st period - Ryan Johansen wins face-off versus Sean Kuraly in WINNIPEG BEAVERS zone. 8:47 of 1st period - Shot by Oskar Lindblom. 8:47 of 1st period - Stopped by Ville Husso without a rebound. 8:48 of 1st period - Mattias Janmark-Nylen wins face-off versus Cal Clutterbuck in WINNIPEG BEAVERS zone. 10:19 of 1st period - Shot by Sonny Milano. 10:19 of 1st period - Shot Misses the Net. 10:39 of 1st period - Shot by Yakov Trenin. 10:39 of 1st period - Stopped by Ville Husso without a rebound. 10:40 of 1st period - Brayden Schenn wins face-off versus Fabian Zetterlund in WINNIPEG BEAVERS zone. 12:10 of 1st period - Shot by Matthew Nieto. 12:10 of 1st period - Shot Blocked by Filip Forsberg. 12:28 of 1st period - Shot by Alexander DeBrincat. 12:28 of 1st period - Stopped by Samuel Ersson without a rebound. 12:29 of 1st period - Ryan Johansen wins face-off versus Derick Brassard in CALGARY FIREMEN zone. 13:00 of 1st period - Shot by Mason Marchment. 13:00 of 1st period - Deflect By Ryan Johansen. 13:00 of 1st period - Stopped by Ville Husso without a rebound. 13:01 of 1st period - Brayden Schenn wins face-off versus Filip Forsberg in WINNIPEG BEAVERS zone. 14:10 of 1st period - Icing by Jakob Silfverberg. 14:11 of 1st period - Sam Bennett wins face-off versus Filip Forsberg in CALGARY FIREMEN zone. 14:14 of 1st period - Shot by Ondrej Palat. 14:14 of 1st period - Shot Misses the Net. 14:16 of 1st period - Shot by Ondrej Palat. 14:16 of 1st period - Stopped by Samuel Ersson without a rebound. 14:17 of 1st period - Ryan Johansen wins face-off versus Sean Kuraly in CALGARY FIREMEN zone. 14:30 of 1st period - Shot by Mason Marchment. 14:30 of 1st period - Shot Blocked by Victor Hedman. 14:42 of 1st period - Shot by Ryan Johansen. 14:42 of 1st period - Stopped by Ville Husso without a rebound. 14:43 of 1st period - Yakov Trenin wins face-off versus Ondrej Palat in WINNIPEG BEAVERS zone. 14:44 of 1st period - Shot by Sonny Milano. 14:44 of 1st period - Shot Misses the Net. 14:47 of 1st period - Icing by Alexander DeBrincat. 14:48 of 1st period - Sam Bennett wins face-off versus Yakov Trenin in WINNIPEG BEAVERS zone. 14:55 of 1st period - Andrej Sustr is hit by Alexander DeBrincat and loses puck. 15:16 of 1st period - Shot by Alexander DeBrincat. 15:16 of 1st period - Shot Misses the Net. 15:18 of 1st period - Shot by Sam Bennett. 15:18 of 1st period - Goal by Sam Bennett - WINNIPEG BEAVERS : 2 - CALGARY FIREMEN : 0. 15:19 of 1st period - Ryan Johansen wins face-off versus Sean Kuraly in neutral zone. 15:26 of 1st period - Shot by Ryan Johansen. 15:26 of 1st period - Shot Blocked by Luke Schenn. 15:42 of 1st period - Shot by Sean Kuraly. 15:42 of 1st period - Shot Misses the Net. 15:53 of 1st period - Sean Kuraly is hit by Jake McCabe and loses puck. 16:36 of 1st period - Shot by Ondrej Palat. 16:36 of 1st period - Stopped by Samuel Ersson without a rebound. 16:37 of 1st period - Brayden Schenn wins face-off versus Yakov Trenin in CALGARY FIREMEN zone. 16:37 of 1st period - Brayden Schenn is hit by Andrej Sustr. 16:43 of 1st period - Shot by Brayden Schenn. 16:43 of 1st period - Stopped by Samuel Ersson without a rebound. 16:44 of 1st period - Brayden Schenn wins face-off versus Yakov Trenin in CALGARY FIREMEN zone. 16:59 of 1st period - Shot by Brandon Tanev. 16:59 of 1st period - Deflect By Brayden Schenn. 16:59 of 1st period - Shot Hit the Post. 17:15 of 1st period - Shot by Brayden Schenn. 17:15 of 1st period - Deflect By Brandon Saad. 17:15 of 1st period - Stopped by Samuel Ersson without a rebound. 17:16 of 1st period - Filip Forsberg wins face-off versus Sam Bennett in CALGARY FIREMEN zone. 17:20 of 1st period - Off-side. 17:21 of 1st period - Sam Bennett wins face-off versus Mattias Janmark-Nylen in neutral zone. 17:39 of 1st period - Alexander DeBrincat is hit by Jamie Oleksiak and loses puck. 17:56 of 1st period - Shot by Alexander DeBrincat. 17:56 of 1st period - Goal by Alexander DeBrincat - WINNIPEG BEAVERS : 3 - CALGARY FIREMEN : 0. 17:57 of 1st period - Ryan Johansen wins face-off versus Brayden Schenn in neutral zone. 18:04 of 1st period - Shot by Ryan Johansen. 18:04 of 1st period - Shot Misses the Net. 18:06 of 1st period - Shot by Ryan Johansen. 18:06 of 1st period - Stopped by Ville Husso without a rebound. 18:07 of 1st period - Sean Kuraly wins face-off versus Yakov Trenin in WINNIPEG BEAVERS zone. 18:26 of 1st period - Shot by Sean Kuraly. 18:26 of 1st period - Deflect By Matthew Nieto. 18:26 of 1st period - Stopped by Samuel Ersson with a rebound. 18:31 of 1st period - Minor Penalty to Andrej Sustr for Hooking. 18:32 of 1st period - Sam Bennett wins face-off versus Filip Forsberg in CALGARY FIREMEN zone. 19:13 of 1st period - Shot by Alexander DeBrincat. 19:13 of 1st period - Stopped by Samuel Ersson without a rebound. 19:14 of 1st period - Jakob Silfverberg wins face-off versus Brayden Schenn in CALGARY FIREMEN zone. Goals for this period are 3 for WINNIPEG BEAVERS vs 0 for CALGARY FIREMEN. Shots for this period are 15 for WINNIPEG BEAVERS vs 7 for CALGARY FIREMEN. 2nd period 0:01 of 2nd period - Filip Forsberg wins face-off versus Sam Bennett in neutral zone. 0:27 of 2nd period - Icing by Alexander DeBrincat. 0:28 of 2nd period - Ryan Johansen wins face-off versus Sam Bennett in WINNIPEG BEAVERS zone. 0:43 of 2nd period - Shot by Brandon Tanev. 0:43 of 2nd period - Deflect By Brayden Schenn. 0:43 of 2nd period - Shot Blocked by Andrej Sustr. 0:55 of 2nd period - Shot by Brandon Saad. 0:55 of 2nd period - Shot Blocked by Colton White. 1:05 of 2nd period - Icing by Connor Brown. 1:06 of 2nd period - Sam Bennett wins face-off versus Connor Brown in CALGARY FIREMEN zone. 1:06 of 2nd period - Alexander DeBrincat is hit by Andrej Sustr and loses puck. 1:14 of 2nd period - Brett Howden is hit by Luke Schenn and loses puck. 1:47 of 2nd period - Shot by Mason Marchment. 1:47 of 2nd period - Shot Misses the Net. 1:56 of 2nd period - Ryan Johansen is hit by Luke Schenn and loses puck. 2:41 of 2nd period - Shot by Brandon Tanev. 2:41 of 2nd period - Stopped by Samuel Ersson without a rebound. 2:42 of 2nd period - Yakov Trenin wins face-off versus Sean Kuraly in CALGARY FIREMEN zone. 2:42 of 2nd period - Yakov Trenin is hit by Sean Kuraly. 3:10 of 2nd period - Shot by Trevor Lewis. 3:10 of 2nd period - Shot Misses the Net. 3:12 of 2nd period - Shot by Matthew Nieto. 3:12 of 2nd period - Stopped by Samuel Ersson without a rebound. 3:13 of 2nd period - Brandon Tanev wins face-off versus Filip Forsberg in CALGARY FIREMEN zone. 3:35 of 2nd period - Brayden Schenn is hit by Jamie Oleksiak and loses puck. 4:29 of 2nd period - Shot by Sean Kuraly